 Dungeon Sprint DCSS version 0.26-a0-651-gb41185065b (webtiles) character file.

Game seed: 7161516632884507731

132885855 mhtbhm the Minotaur Barricade (level 23, 240/240 HPs)
             Began as a Minotaur Fighter on Sept 30, 2020.
             Was the Champion of Okawaru.
             Escaped with the Orb
             ... and 17 runes!
             The game lasted 00:43:04 (13718 turns).

mhtbhm the Minotaur Barricade (Minotaur Fighter)   Turns: 13718, Time: 00:43:05

Health: 240/240    AC: 32    Str: 38    XL:     23   Next: 56%
Magic:  49/49      EV: 31    Int:  5    God:    Okawaru [******]
Gold:   135        SH: 37    Dex: 17    Spells: 54/68 levels left

rFire    + . .     SeeInvis .   N - +5 sacred scourge (holy)
rCold    + . .     Faith    .   c - +7 tower shield
rNeg     + + +     Spirit   .   b - +1 pearl dragon scales
rPois    +         Reflect  .   v - +2 hat {MR+}
rElec    .         Harm     .   o - scarf {rC+ rF+}
rCorr    .         Rampage  +   G - +2 pair of gloves {Dex+3}
MR       ++...     NoTele   +   u - +1 pair of boots "Igacro" {Rampage rF+ Dex+4}
Stlth    +++.......             w - amulet "Yreena" {Acrobat rPois rN++}
HPRegen  0.50/turn              l - ring "Radytaysh" {rC- Str+7 Dex+3}
MPRegen  0.31/turn              T - ring of Yendor {Ice rN+ Str+2 Dex-5 Slay+6}

@: no status effects
A: retaliatory headbutt, horns 2, deterioration 1
0: Orb of Zot
}: 17/17 runes: decaying, serpentine, barnacled, slimy, elven, silver, golden,
iron, obsidian, icy, bone, abyssal, glowing, magical, fiery, dark, gossamer
a: Heroism, Finesse, Renounce Religion


You escaped.
You worshipped Okawaru.
Okawaru was exalted by your worship.
You visited 1 branch You collected 1979 gold pieces.
You spent 1844 gold pieces at shops.

Inventory:

Hand Weapons
 n - a +0 double sword of holy wrath
 J - a +5 great sword of holy wrath
 N - a +5 sacred scourge of holy wrath (weapon)
 O - a +7 demon blade of electrocution
Missiles
 d - 14 curare-tipped darts
 x - 2 throwing nets
 E - 59 silver javelins (quivered)
 F - 80 javelins
Armour
 b - +1 pearl dragon scales (worn)
 c - a +7 tower shield (worn)
 o - a scarf of resistance (worn)
 p - +0 gold dragon scales
 u - the +1 pair of boots "Igacro" (worn) {Rampage rF+ Dex+4}
   (Okawaru gifted it to you in the Dungeon)

   It affects your dexterity (+4).
   It protects you from fire.
   It bestows one free step when moving towards enemies.
 v - a +2 hat of magic resistance (worn)
 B - a +0 pair of boots of running
 G - a +2 pair of gloves of dexterity (worn)
 K - +10 storm dragon scales
Jewellery
 l - the ring "Radytaysh" (left hand) {rC- Str+7 Dex+3}
   (You found it in the Dungeon)

   [ring of dexterity]

   It affects your strength (+7).
   It affects your dexterity (+3).
   It makes you vulnerable to cold.
 w - the amulet "Yreena" (around neck) {Acrobat rPois rN++}
   (You bought it in a shop in the Dungeon)

   [amulet of the acrobat]

   It helps you evade while moving and waiting.
   It protects you from poison.
   It greatly protects you from negative energy.
 y - the ring "Pope" {MR- Int+2 Slay+3 SInv Stlth+}
   (You found it in the Dungeon)

   [ring of see invisible]

   It affects your intelligence (+2).
   It affects your accuracy and damage with ranged weapons and melee attacks
   (+3).
   It affects your resistance to hostile enchantments.
   It lets you see invisible.
   It makes you more stealthy.
 T - the ring of Yendor (right hand) {Ice rN+ Str+2 Dex-5 Slay+6}
   (You found it in the Dungeon)

   [ring of ice]

   It enhances your ice magic.
   It affects your strength (+2).
   It affects your dexterity (-5).
   It affects your accuracy and damage with ranged weapons and melee attacks
   (+6).
   It makes you vulnerable to fire.
   It protects you from cold.
   It protects you from negative energy.
Wands
 m - a wand of iceblast (2)
Scrolls
 j - 4 scrolls of blinking
 k - 7 scrolls of remove curse
 s - 8 scrolls of identify
 t - 4 scrolls of fear
 Q - a scroll of fog
 S - a scroll of vulnerability
Potions
 e - 4 potions of curing
 f - 12 potions of heal wounds
 g - 6 potions of haste
 h - 10 potions of magic
 i - 2 potions of mutation
 z - 5 potions of brilliance
 L - a potion of might
 P - 2 potions of flight
 R - 2 potions of stabbing
Miscellaneous
 a - the horn of Geryon


   Skills:
 O Level 27 Fighting
 O Level 27 Long Blades
 O Level 27 Maces & Flails
 O Level 27 Throwing
 O Level 27 Armour
 O Level 27 Dodging
 O Level 27 Stealth
 O Level 27 Shields
 - Level 7.4 Unarmed Combat
 * Level 23.0 Spellcasting
 * Level 24.3 Necromancy
 O Level 27 Invocations
 O Level 27 Evocations


You had 54 spell levels left.
You knew the following spells:

 Your Spells              Type           Power        Failure   Level
a - Dispel Undead         Necr           ####....     0%          4
b - Agony                 Necr           ####....     0%          5
c - Excruciating Wounds   Necr           ####......   0%          5

Your spell library contained the following spells:

 Spells                   Type           Power        Failure   Level
 Sublimation of Blood     Necr           ####......   0%          2
 Corpse Rot               Necr/Air       N/A          1%          2
 Summon Small Mammal      Summ           #...         7%          1
 Ignite Poison            Fire/Tmut/Pois #.......     21%         3
 Static Discharge         Conj/Air       #.......     21%         3
 Petrify                  Tmut/Erth      #.......     54%         4
 Alistair's Intoxication  Tmut/Pois      #........    88%         5
 Irradiate                Conj/Tmut      #.........   88%         5
 Conjure Ball Lightning   Conj/Air       #.........   100%        6
 Eringya's Noxious Bog    Tmut/Pois      #.........   100%        6
 Malign Gateway           Summ/Tloc      #.........   100%        7


Dungeon Overview and Level Annotations

Branches:
Dungeon (1/1)

Altars:
Cheibriados
Dithmenos
Elyvilon
Fedhas
Gozag
Hepliaklqana
Kikubaaqudgha
Makhleb
Nemelex Xobeh
Okawaru
Qazlal
Ru
Sif Muna
Trog
Uskayaw
Vehumet
Wu Jian
Xom
Yredelemnul
Zin
The Shining One
Beogh
Jiyva
Lugonu

Shops:
D =[[:


Innate Abilities, Weirdness & Mutations

You reflexively headbutt those who attack you in melee.
You have a pair of horns on your head.
Your body sometimes deteriorates upon taking damage.


Message History

There is a sparkling altar of Nemelex Xobeh here.
There is a burning altar of Makhleb here.
There is a corrupted altar of Lugonu here.
There is an ancient bone altar of Kikubaaqudgha here.
There is a hazy altar of Hepliaklqana here.
There is an opulent altar of Gozag here.
There is a blossoming altar of Fedhas here.
There is a white marble altar of Elyvilon here.
There is a shadowy altar of Dithmenos here.
There is a snail-covered altar of Cheibriados here.
There is a roughly hewn altar of Beogh here.
There is an open door to the Temple here.
There is an open door, spattered with blood here.
Things that are here:
a +0 dagger; a +0 robe; a +0 giant club You see here a +0 club.
There is an open door to the Dungeon here.
You see here a +0 club.
There is a staircase leading out of the dungeon here.
You have escaped!

▓.▓.▓.▓.▓.▓.▓.▓.▓.
▓.▓)▓'▓.▓.▓.▓.▓.▓.
▓.▓.▓.▓.▓.▓.▓.▓.▓.
▓)▓.▓.▓.▓.▓.▓.▓.▓.
▓'▓.▓.▓.▓.▓.▓.▓.▓.
▓)▓.▓.▓.▓.▓.▓.▓.▓.
▓.▓.▓.▓.▓.▓.▓.▓.▓.
▓.▓.▓.▓.▓.▓.▓.▓.▓.
▓@▓...▓...▓...▓...
▓▓▓▓▓▓▓▓▓▓▓▓▓▓▓▓▓▓


There were no monsters in sight!

Vanquished Creatures
  Cerebov (D)
  Antaeus (D)
  Asmodeus (D)
  Gloorx Vloq (D)
  the Royal Jelly (D)
  Ereshkigal (D)
  A seraph (D)
  Mnoleg (D)
  Lom Lobon (D)
  Dispater (D)
  4 orbs of fire (D)
  Mennas (D)
  Mara (D)
  8 ancient liches (D)
  Sojobo (D)
  9 greater mummies (D)
  3 Killer Klowns (D)
  Saint Roka (D)
  Margery (D)
  Geryon (D)
  5 golden dragons (D)
  4 pandemonium lords (D)
  2 Tzitzimimeh (D)
  Rupert (D)
  2 Brimstone Fiends (D)
  2 electric golems (D)
  A Hell Sentinel (D)
  An Ice Fiend (D)
  3 tentacled monstrosities (D)
  30 Orb Guardians (D)
  4 liches (D)
  A deep elf master archer (D)
  An Executioner (D)
  11 acid blobs (D)
  2 quicksilver dragons (D)
  2 deep elf blademasters (D)
  A tentacled starspawn (D)
  A death cob (D)
  Kirke (D)
  13 sphinxes (D)
  A storm dragon (D)
  2 tengu reavers (D)
  Ilsuiw (D)
  9 shadow dragons (D)
  A daeva (D)
  3 draconian monks (D)
  6 nagarajas (D)
  3 draconian knights (D)
  7 azure jellies (D)
  A fire giant (D)
  A balrug (D)
  2 frost giants (D)
  5 ghost moths (D)
  A cacodemon (D)
  Louise (D)
  2 ironheart preservers (D)
  4 emperor scorpions (D)
  An angel (D)
  A deep elf sorcerer (D)
  2 draconian shifters (D)
  3 vault wardens (D)
  A draconian stormcaller (D)
  2 reapers (D)
  3 draconian annihilators (D)
  6 very ugly things (D)
  A starcursed mass (D)
  3 green draconians (D)
  5 stone giants (D)
  6 vampire knights (D)
  A deep elf demonologist (D)
  A deep elf annihilator (D)
  A red draconian (D)
  5 black draconians (D)
  2 spark wasps (D)
  4 white draconians (D)
  3 purple draconians (D)
  3 yellow draconians (D)
  An ettin (D)
  3 blizzard demons (D)
  5 mummy priests (D)
  8 death oozes (D)
  6 deep elf high priests (D)
  2 deep elf death magi (D)
  2 green deaths (D)
  7 merfolk javelineers (D)
  3 fire dragons (D)
  5 yaktaur captains (D)
  25 vault guards (D)
  A merfolk impaler (D)
  Harold (D)
  3 ice dragons (D)
  A naga warrior (D)
  A hell beast (D)
  2 monstrous demonspawn (D)
  2 great orbs of eyes (D)
  9 hydras (D)
  2 rakshasas (D)
  A spriggan air mage (D)
  A merfolk avatar (D)
  An alligator snapping turtle (D)
  A centaur warrior (D)
  Erica (D)
  An alligator (D)
  A satyr (D)
  A ghost crab (D)
  4 merfolk aquamancers (D)
  2 ogre magi (D)
  5 hell knights (D)
  3 soul eaters (D)
  A naga sharpshooter (D)
  Nergalle (D)
  2 small abominations (D)
  A wretched star (D)
  Sonja (D)
  3 sixfirhies (D)
  2 cherubim (D)
  2 shadow demons (D)
  A naga ritualist (D)
  7 swamp dragons (D)
  3 wizards (D)
  3 orc knights (D)
  5 ironbrand convokers (D)
  A harpy (D)
  3 wolf spiders (D)
  2 necromancers (D)
  A mana viper (D)
  10 orc sorcerers (D)
  A deep elf mage (D)
  4 manticores (D)
  10 moths of wrath (D)
  5 cyclopes (D)
  2 rust devils (D)
  5 naga magi (D)
  2 vault sentinels (D)
  2 orange demons (D)
  A water nymph (D)
  2 cane toads (D)
  3 guardian serpents (D)
  2 black mambas (D)
  3 demonic crawlers (D)
  3 freezing wraiths (D)
  A wandering mushroom (D)
  An ice devil (D)
  A merfolk (D)
  2 tormentors (D)
  7 yaktaurs (D)
  14 guardian mummies (D)
  4 jumping spiders (D)
  A tengu conjurer (D)
  2 red devils (D)
  5 polar bears (D)
  A blink frog (D)
  2 hornets (D)
  A dream sheep (shapeshifter) (D)
  A hornet (shapeshifter) (D)
  4 hippogriffs (D)
  A bog body (D)
  3 slime creatures (D)
  3 large abominations (D)
  A redback (D)
  2 tarantellas (D)
  A shadow (D)
  3 ynoxinuls (D)
  12 spriggans (D)
  A water elemental (D)
  A fire bat (D)
  2 yaks (D)
  A golden eye (D)
  A chaos spawn (D)
  A human (shapeshifter) (D)
  2 neqoxecs (D)
  3 hogs (D)
  An acid dragon (D)
  3 nagas (D)
  4 water moccasins (D)
  12 orc warriors (D)
  4 porcupines (D)
  2 swamp drakes (D)
  3 black bears (D)
  An ogre (D)
  A phantom (D)
  A wolf (D)
  A crocodile (D)
  2 bullfrogs (D)
  2 scorpions (D)
  3 orc priests (D)
  An iguana (D)
  A worker ant (D)
  9 orc wizards (D)
  An adder (D)
  An ufetubus (D)
  3 ball lightnings (D)
  A leopard gecko (D)
  8 orcs (D)
  A bat zombie (D)
  2 hobgoblins (D)
  A jackal (D)
  A ball python (D)
  A bat (D)
  A giant cockroach zombie (D)
  A crawling corpse (D)
595 creatures vanquished.

Vanquished Creatures (others)
  A hydra (D)
  3 humans (D)
  A water moccasin (D)
  An orc (D)
  A starspawn tentacle (D)
7 creatures vanquished.

Grand Total: 602 creatures vanquished

Notes
Turn   | Place    | Note
-------+----------+-------------------------------------------
     0 | D        | mhtbhm the Minotaur Fighter began the quest for the Orb.
     0 | D        | Reached XP level 1. HP: 19/19 MP: 0/0
    19 | D        | Noticed an orc wizard
    19 | D        | Noticed a scorpion
    19 | D        | Noticed an iguana
    19 | D        | Noticed an ogre
    23 | D        | Killed an ogre
    23 | D        | Reached XP level 2. HP: 28/31 MP: 1/1
    23 | D        | Reached XP level 3. HP: 35/38 MP: 2/2
    23 | D        | Reached XP level 4. HP: 42/45 MP: 3/3
    30 | D        | Reached skill level 5 in Long Blades
    30 | D        | Reached skill level 1 in Dodging
    30 | D        | Reached XP level 5. HP: 47/53 MP: 4/4
    39 | D        | Found a roughly hewn altar of Beogh.
    39 | D        | Found a snail-covered altar of Cheibriados.
    39 | D        | Found a shadowy altar of Dithmenos.
    39 | D        | Found a white marble altar of Elyvilon.
    39 | D        | Found a blossoming altar of Fedhas.
    39 | D        | Found an opulent altar of Gozag.
    50 | D        | Found a hazy altar of Hepliaklqana.
    51 | D        | Found a viscous altar of Jiyva.
    52 | D        | Found an ancient bone altar of Kikubaaqudgha.
    53 | D        | Found a corrupted altar of Lugonu.
    54 | D        | Found a burning altar of Makhleb.
    55 | D        | Found a sparkling altar of Nemelex Xobeh.
    56 | D        | Found an iron altar of Okawaru.
    57 | D        | Found a stormy altar of Qazlal.
    58 | D        | Found a sacrificial altar of Ru.
    59 | D        | Found a shimmering blue altar of Sif Muna.
    60 | D        | Found a bloodstained altar of Trog.
    61 | D        | Found a hide-covered altar of Uskayaw.
    62 | D        | Found a radiant altar of Vehumet.
    63 | D        | Found an ornate altar of the Wu Jian Council.
    64 | D        | Became a worshipper of Warmaster Okawaru
    65 | D        | Found a shimmering altar of Xom.
    66 | D        | Found a basalt altar of Yredelemnul.
    67 | D        | Found a glowing silver altar of Zin.
    68 | D        | Found a glowing golden altar of the Shining One.
   151 | D        | Noticed a phantom
   151 | D        | Noticed a hippogriff
   161 | D        | Killed a hippogriff
   161 | D        | Reached * piety under Okawaru
   161 | D        | Reached skill level 10 in Shields
   161 | D        | Reached XP level 6. HP: 64/64 MP: 5/5
   182 | D        | Reached XP level 7. HP: 64/71 MP: 6/6
   218 | D        | Noticed a hippogriff
   218 | D        | Noticed a cyclops
   218 | D        | Noticed a hippogriff
   225 | D        | Killed a hippogriff
   225 | D        | Reached ** piety under Okawaru
   225 | D        | Reached skill level 10 in Fighting
   225 | D        | Reached skill level 10 in Armour
   243 | D        | Killed a cyclops
   243 | D        | Reached *** piety under Okawaru
   243 | D        | Reached skill level 10 in Long Blades
   243 | D        | Reached skill level 1 in Stealth
   243 | D        | Reached XP level 8. HP: 41/81 MP: 7/7
   249 | D        | Killed a hippogriff
   504 | D        | Got the Handbook of Supportive Feathers
   517 | D        | Noticed a six-headed hydra
   517 | D        | Noticed a blink frog
   517 | D        | Noticed a black mamba
   517 | D        | Noticed a four-headed hydra
   708 | D        | Killed a blink frog
   895 | D        | Killed a 13-headed hydra
   895 | D        | Reached skill level 1 in Evocations
   895 | D        | Reached XP level 9. HP: 81/90 MP: 5/8
   904 | D        | Killed a 13-headed hydra
   904 | D        | Reached **** piety under Okawaru
  1214 | D        | Killed a black mamba
  1299 | D        | Noticed a cane toad
  1308 | D        | Killed a cane toad
  1308 | D        | Reached skill level 5 in Dodging
  1308 | D        | Reached skill level 15 in Shields
  1308 | D        | Reached skill level 1 in Invocations
  1308 | D        | Reached XP level 10. HP: 99/99 MP: 9/9
  1314 | D        | Noticed a five-headed hydra
  1321 | D        | Reached ***** piety under Okawaru
  1688 | D        | Killed a 16-headed hydra
  1688 | D        | Received a gift from Okawaru
  1965 | D        | Received a gift from Okawaru
  1983 | D        | Got a pair of ancient boots {god gift}
  1989 | D        | Identified the +1 pair of boots "Igacro" {Rampage rF+
                  | Dex+4} (Okawaru gifted it to you in the Dungeon)
  2101 | D        | Noticed an ettin
  2111 | D        | Killed an ettin
  2126 | D        | Reached XP level 11. HP: 47/107 MP: 10/10
  2404 | D        | Noticed an orc knight
  2404 | D        | Noticed an orc knight
  2422 | D        | Killed an orc knight
  2422 | D        | Reached skill level 15 in Long Blades
  2434 | D        | Killed an orc knight
  2437 | D        | Reached skill level 1 in Throwing
  2748 | D        | Found Ecorchen's Book Boutique.
  2748 | D        | Noticed an orc sorcerer
  2748 | D        | Noticed an orc sorcerer
  2749 | D        | Noticed an orc sorcerer
  2752 | D        | Noticed an orc sorcerer
  2756 | D        | Paralysed by an orc sorcerer for 4 turns
  2764 | D        | Killed an orc sorcerer
  2767 | D        | Paralysed by an orc sorcerer for 5 turns
  2774 | D        | Killed an orc sorcerer
  2775 | D        | Found Tip Boce's Antique Armour Shop.
  2778 | D        | Killed an orc sorcerer
  2783 | D        | Killed an orc sorcerer
  2788 | D        | Found Soluakh's Armour Boutique.
  2790 | D        | Found Kazet's Jewellery Shop.
  2790 | D        | Noticed an orc sorcerer
  2792 | D        | Noticed an orc sorcerer
  2792 | D        | Noticed an orc sorcerer
  2792 | D        | Paralysed by an orc sorcerer for 5 turns
  2797 | D        | Noticed a soul eater
  2798 | D        | Noticed an orc sorcerer
  2799 | D        | Killed an orc sorcerer
  2799 | D        | Reached skill level 15 in Fighting
  2800 | D        | Noticed an orc sorcerer
  2988 | D        | Noticed a soul eater
  3021 | D        | Killed an orc sorcerer
  3021 | D        | Received a gift from Okawaru
  3021 | D        | Reached skill level 15 in Armour
  3031 | D        | Noticed a sixfirhy
  3033 | D        | Killed an orc sorcerer
  3068 | D        | Killed an orc sorcerer
  3166 | D        | Killed an orc sorcerer
  3423 | D        | Bought an embroidered scarf for 192 gold pieces
  3429 | D        | Bought the amulet "Yreena" {Acrobat rPois rN++} for 672
                  | gold pieces
  3440 | D        | Bought a book of Death for 980 gold pieces
  3468 | D        | Noticed Harold
  3492 | D        | Killed Harold
  3692 | D        | Noticed a green very ugly thing
  3703 | D        | Noticed a stone giant
  3705 | D        | Noticed a red very ugly thing
  3710 | D        | Noticed a centaur warrior
  3718 | D        | Killed a green very ugly thing
  3718 | D        | Reached skill level 5 in Throwing
  3718 | D        | Reached XP level 12. HP: 86/122 MP: 10/12
  3727 | D        | Killed a stone giant
  3727 | D        | Reached ****** piety under Okawaru
  3727 | D        | Received a gift from Okawaru
  3735 | D        | Killed a red very ugly thing
  3740 | D        | Killed a centaur warrior
  3743 | D        | Received a gift from Okawaru
  3858 | D        | Noticed Rupert
  3875 | D        | Killed Rupert
  3875 | D        | Received a gift from Okawaru
  3921 | D        | Noticed Nergalle
  3929 | D        | Killed Nergalle
  3962 | D        | Noticed a spark wasp
  3999 | D        | Killed a spark wasp
  4126 | D        | Noticed an alligator snapping turtle
  4126 | D        | Noticed a merfolk javelineer
  4126 | D        | Noticed a satyr
  4135 | D        | Received a gift from Okawaru
  4141 | D        | Killed a merfolk javelineer
  4141 | D        | Reached XP level 13. HP: 129/134 MP: 13/13
  4142 | D        | Received a gift from Okawaru
  4173 | D        | Noticed a nagaraja
  4182 | D        | Killed a nagaraja
  4182 | D        | Received a gift from Okawaru
  4464 | D        | Noticed Erica
  4471 | D        | Killed Erica
  4522 | D        | Noticed Sonja
  4528 | D        | Killed Sonja
  4528 | D        | Reached skill level 10 in Throwing
  4703 | D        | Noticed a brown very ugly thing
  4703 | D        | Noticed a lich
  4703 | D        | Noticed a stone giant
  4703 | D        | Noticed a frost giant
  4706 | D        | Killed a frost giant
  4709 | D        | Noticed a fire giant
  4710 | D        | Killed a stone giant
  4710 | D        | Received a gift from Okawaru
  4710 | D        | Killed a lich
  4710 | D        | Killed a brown very ugly thing
  4719 | D        | Killed a fire giant
  4719 | D        | Reached skill level 5 in Stealth
  4719 | D        | Reached XP level 14. HP: 128/146 MP: 14/14
  4722 | D        | Noticed a red very ugly thing
  4724 | D        | Noticed a green very ugly thing
  4728 | D        | Noticed a stone giant
  4730 | D        | Noticed a white very ugly thing
  4741 | D        | Killed a green very ugly thing
  4741 | D        | Killed a stone giant
  4742 | D        | Received a gift from Okawaru
  4746 | D        | Killed a red very ugly thing
  4747 | D        | Killed a white very ugly thing
  4776 | D        | Identified a +0 pair of boots of running (Okawaru gifted it
                  | to you in the Dungeon)
  4945 | D        | Noticed a vault warden
  4948 | D        | Noticed an ironheart preserver
  4949 | D        | Killed a vault warden
  4957 | D        | Noticed a frost giant
  4960 | D        | Killed an ironheart preserver
  4966 | D        | Killed a frost giant
  4974 | D        | Noticed an ironheart preserver
  4977 | D        | Reached skill level 15 in Throwing
  4984 | D        | Killed an ironheart preserver
  4993 | D        | Received a gift from Okawaru
  5076 | D        | Noticed Louise
  5088 | D        | Noticed Saint Roka
  5089 | D        | Killed Louise
  5115 | D        | Killed Saint Roka
  5115 | D        | Received a gift from Okawaru
  5510 | D        | Noticed Kirke
  5525 | D        | Killed Kirke
  5601 | D        | Noticed Ilsuiw
  5601 | D        | Reached XP level 15. HP: 138/158 MP: 15/15
  5623 | D        | Reached skill level 10 in Dodging
  5624 | D        | Killed Ilsuiw
  5624 | D        | Received a gift from Okawaru
  5660 | D        | Got a barnacled rune of Zot
  5848 | D        | Noticed a nagaraja
  5848 | D        | Noticed a nagaraja
  5849 | D        | Noticed a nagaraja
  5851 | D        | Noticed a nagaraja
  5859 | D        | Killed a nagaraja
  5863 | D        | Killed a nagaraja
  5865 | D        | Killed a nagaraja
  5866 | D        | Killed a nagaraja
  5868 | D        | Noticed a nagaraja
  5878 | D        | Killed a nagaraja
  5890 | D        | Got a serpentine rune of Zot
  6066 | D        | Received a gift from Okawaru
  6072 | D        | Received a gift from Okawaru
  6116 | D        | Got a decaying rune of Zot
  6131 | D        | Got a brightly glowing long sword {god gift}
  6132 | D        | Identified the +0 long sword of Lasm {vorpal, Dex+4}
                  | (Okawaru gifted it to you in the Dungeon)
  6188 | D        | Killed a ghost moth
  6190 | D        | Killed a ghost moth
  6191 | D        | Killed a ghost moth
  6206 | D        | Received a gift from Okawaru
  6207 | D        | Killed a ghost moth
  6207 | D        | Reached skill level 27 in Shields
  6234 | D        | Reached XP level 16. HP: 173/174 MP: 3/16
  6236 | D        | Got a gossamer rune of Zot
  6328 | D        | Noticed Mara
  6339 | D        | Killed Mara
  6411 | D        | Noticed Mennas
  6476 | D        | Killed Mennas
  6777 | D        | Received a gift from Okawaru
  6795 | D        | Received a gift from Okawaru
  6825 | D        | Reached skill level 5 in Invocations
  6988 | D        | Noticed a tentacled monstrosity
  6988 | D        | Noticed a sphinx
  6992 | D        | Killed a sphinx
  6993 | D        | Killed a tentacled monstrosity
  6993 | D        | Received a gift from Okawaru
  6993 | D        | Reached skill level 15 in Dodging
  6996 | D        | Noticed a shadow dragon
  7001 | D        | Noticed a shadow dragon
  7016 | D        | Killed a shadow dragon
  7016 | D        | Reached skill level 27 in Long Blades
  7022 | D        | Killed a shadow dragon
  7022 | D        | Reached skill level 27 in Fighting
  7083 | D        | Noticed a shadow dragon
  7083 | D        | Noticed an ancient lich
  7083 | D        | Noticed a shadow dragon
  7083 | D        | Noticed a shadow dragon
  7084 | D        | Identified the +11 flail of the Scorching Fox {vorpal,
                  | *Noise rC+ Int+3}
  7087 | D        | Noticed a shadow dragon
  7088 | D        | Reached XP level 17. HP: 191/191 MP: 19/21
  7089 | D        | Killed an ancient lich
  7089 | D        | Received a gift from Okawaru
  7090 | D        | Noticed a quicksilver dragon
  7091 | D        | Received a gift from Okawaru
  7114 | D        | Killed a quicksilver dragon
  7122 | D        | Got a shimmering granite ring
  7124 | D        | Got a silver rune of Zot
  7200 | D        | Noticed Margery
  7202 | D        | Received a gift from Okawaru
  7209 | D        | Killed Margery
  7217 | D        | Received a gift from Okawaru
  7259 | D        | Identified the ring of Yendor {Ice rN+ Str+2 Dex-5 Slay+6}
                  | (You found it in the Dungeon)
  7355 | D        | Got the ring "Radytaysh" {rC- Str+7 Dex+3}
  7357 | D        | Got the ring "Pope" {MR- Int+2 Slay+3 SInv Stlth+}
  7359 | D        | Got the ring "Abarir" {MR+ Dex+6}
  7361 | D        | Got the ring "Syagacur" {Slay+3 Stlth-}
  7363 | D        | Got the amulet of Zoiqesta {Faith rF+ rN+ Int-3 SInv}
  7498 | D        | Noticed Sojobo
  7510 | D        | Killed Sojobo
  7510 | D        | Received a gift from Okawaru
  7571 | D        | Noticed a golden dragon
  7573 | D        | Killed a golden dragon
  7581 | D        | Reached skill level 10 in Invocations
  7650 | D        | Noticed a golden dragon
  7650 | D        | Noticed a golden dragon
  7653 | D        | Killed a golden dragon
  7653 | D        | Received a gift from Okawaru
  7653 | D        | Killed a golden dragon
  7703 | D        | Noticed a quicksilver dragon
  7705 | D        | Killed a quicksilver dragon
  7705 | D        | Received a gift from Okawaru
  7705 | D        | Reached XP level 18. HP: 200/200 MP: 25/25
  7740 | D        | Noticed a tentacled monstrosity
  7742 | D        | Killed a tentacled monstrosity
  7742 | D        | Noticed a tentacled monstrosity
  7751 | D        | Killed a tentacled monstrosity
  7768 | D        | Noticed an orb of fire
  7771 | D        | Killed an orb of fire
  7771 | D        | Reached skill level 27 in Throwing
  7771 | D        | Reached skill level 10 in Stealth
  7796 | D        | Received a gift from Okawaru
  7833 | D        | Received a gift from Okawaru
  7936 | D        | Noticed an Orb Guardian
  7936 | D        | Noticed an Orb Guardian
  7936 | D        | Noticed an Orb Guardian
  7936 | D        | Noticed an Orb Guardian
  7936 | D        | Noticed an Orb Guardian
  7936 | D        | Noticed an Orb Guardian
  7938 | D        | Killed an Orb Guardian
  7941 | D        | Killed an Orb Guardian
  7941 | D        | Noticed an Orb Guardian
  7942 | D        | Killed an Orb Guardian
  7944 | D        | Noticed an Orb Guardian
  7946 | D        | Killed an Orb Guardian
  7947 | D        | Killed an Orb Guardian
  7950 | D        | Killed an Orb Guardian
  7950 | D        | Received a gift from Okawaru
  7950 | D        | Reached skill level 27 in Dodging
  7952 | D        | Killed an Orb Guardian
  7952 | D        | Reached skill level 27 in Armour
  7959 | D        | Killed an Orb Guardian
  7962 | D        | Noticed an Orb Guardian
  7963 | D        | Noticed an Orb Guardian
  7973 | D        | Killed an Orb Guardian
  7977 | D        | Killed an Orb Guardian
  7985 | D        | Noticed a golden dragon
  7985 | D        | Noticed an Orb Guardian
  7985 | D        | Noticed an Orb Guardian
  7985 | D        | Noticed a golden dragon
  7986 | D        | Reached skill level 15 in Stealth
  7987 | D        | Killed an Orb Guardian
  7988 | D        | Killed a golden dragon
  7988 | D        | Reached XP level 19. HP: 205/207 MP: 12/27
  7990 | D        | Killed a golden dragon
  8059 | D        | Noticed an ancient lich
  8065 | D        | Killed an ancient lich
  8068 | D        | Noticed an orb of fire
  8070 | D        | Gained mutation: Your body sometimes deteriorates upon
                  | taking damage. [an orb of fire]
  8071 | D        | Killed an orb of fire
  8071 | D        | Received a gift from Okawaru
  8071 | D        | Received a gift from Okawaru
  8108 | D        | Noticed an electric golem
  8116 | D        | Killed an electric golem
  8147 | D        | Noticed an ancient lich
  8147 | D        | Noticed a Killer Klown
  8150 | D        | Noticed an orb of fire
  8150 | D        | Killed an ancient lich
  8150 | D        | Received a gift from Okawaru
  8150 | D        | Killed an orb of fire
  8153 | D        | Noticed an electric golem
  8157 | D        | Noticed a Killer Klown
  8161 | D        | Killed a Killer Klown
  8165 | D        | Killed a Killer Klown
  8165 | D        | Received a gift from Okawaru
  8167 | D        | Noticed an orb of fire
  8171 | D        | Killed an electric golem
  8173 | D        | Noticed a Killer Klown
  8174 | D        | Killed an orb of fire
  8174 | D        | Reached skill level 27 in Stealth
  8179 | D        | Noticed an ancient lich
  8183 | D        | Reached skill level 1 in Spellcasting
  8185 | D        | Killed a Killer Klown
  8185 | D        | Reached skill level 5 in Unarmed Combat
  8185 | D        | Reached skill level 5 in Evocations
  8194 | D        | Killed an ancient lich
  8194 | D        | Received a gift from Okawaru
  8203 | D        | Learned a level 4 spell: Dispel Undead
  8209 | D        | Learned a level 5 spell: Agony
  8215 | D        | Learned a level 5 spell: Excruciating Wounds
  8259 | D        | Reached skill level 5 in Spellcasting
  8259 | D        | Reached skill level 1 in Necromancy
  8263 | D        | Reached XP level 20. HP: 175/216 MP: 29/29
  8273 | D        | Reached skill level 15 in Invocations
  8281 | D        | Reached skill level 5 in Necromancy
  8285 | D        | Reached skill level 10 in Evocations
  8433 | D        | Noticed an ancient lich
  8437 | D        | Killed an ancient lich
  8437 | D        | Received a gift from Okawaru
  8437 | D        | Reached skill level 10 in Spellcasting
  8439 | D        | Noticed an ancient lich
  8441 | D        | Noticed an ancient lich
  8444 | D        | Killed an ancient lich
  8444 | D        | Received a gift from Okawaru
  8444 | D        | Reached skill level 10 in Necromancy
  8446 | D        | Received a gift from Okawaru
  8449 | D        | Killed an ancient lich
  8449 | D        | Received a gift from Okawaru
  8614 | D        | Reached skill level 15 in Evocations
  8638 | D        | Received a gift from Okawaru
  8647 | D        | Got an elven rune of Zot
  8682 | D        | Noticed the Royal Jelly
  8686 | D        | Received a gift from Okawaru
  8690 | D        | Killed the Royal Jelly
  8690 | D        | Reached XP level 21. HP: 214/224 MP: 36/38
  8714 | D        | Got a slimy rune of Zot
  8916 | D        | Received a gift from Okawaru
  8916 | D        | Reached skill level 15 in Necromancy
  8918 | D        | Received a gift from Okawaru
  8918 | D        | Reached skill level 15 in Spellcasting
  8930 | D        | Received a gift from Okawaru
  9123 | D        | Noticed a greater mummy
  9124 | D        | Noticed a greater mummy
  9125 | D        | Received a gift from Okawaru
  9132 | D        | Killed a greater mummy
  9145 | D        | Killed a greater mummy
  9537 | D        | Noticed a greater mummy
  9537 | D        | Noticed a greater mummy
  9537 | D        | Noticed a greater mummy
  9537 | D        | Noticed a greater mummy
  9537 | D        | Noticed a greater mummy
  9537 | D        | Noticed a greater mummy
  9541 | D        | Killed a greater mummy
  9541 | D        | Killed a greater mummy
  9541 | D        | Reached skill level 10 in Maces & Flails
  9541 | D        | Killed a greater mummy
  9541 | D        | Noticed a greater mummy
  9542 | D        | Killed a greater mummy
  9542 | D        | Killed a greater mummy
  9542 | D        | Received a gift from Okawaru
  9544 | D        | Killed a greater mummy
  9970 | D        | Killed a greater mummy
 10026 | D        | Got a crystal scimitar {god gift}
 10027 | D        | Identified the +5 scimitar of the Hall of Blades {vorpal,
                  | rC+} (Okawaru gifted it to you in the Dungeon)
 10039 | D        | Got a golden rune of Zot
 10055 | D        | Got an abyssal rune of Zot
 10294 | D        | Noticed Geryon
 10300 | D        | Killed Geryon
 10300 | D        | Received a gift from Okawaru
 10308 | D        | Noticed Lom Lobon
 10308 | D        | Noticed Antaeus
 10309 | D        | Noticed Mnoleg
 10324 | D        | Killed Mnoleg
 10324 | D        | Reached XP level 22. HP: 231/233 MP: 35/42
 10326 | D        | Killed Lom Lobon
 10326 | D        | Received a gift from Okawaru
 10326 | D        | Reached skill level 27 in Invocations
 10329 | D        | Killed Antaeus
 10331 | D        | Noticed Gloorx Vloq
 10341 | D        | Noticed Ereshkigal
 10343 | D        | Killed Gloorx Vloq
 10343 | D        | Received a gift from Okawaru
 11020 | D        | Killed Ereshkigal
 11074 | D        | Identified the +4 staff of Dispater
 11074 | D        | Noticed Dispater
 11093 | D        | Killed Dispater
 11096 | D        | Got an icy rune of Zot
 11106 | D        | Got a magical rune of Zot
 11112 | D        | Got a glowing rune of Zot
 11117 | D        | Got a dark rune of Zot
 11119 | D        | Identified the +6 sword of Cerebov {flame}
 11119 | D        | Noticed Cerebov
 11123 | D        | Identified the +7 sceptre of Asmodeus
 11123 | D        | Noticed Asmodeus
 11146 | D        | Killed Cerebov
 11146 | D        | Received a gift from Okawaru
 11153 | D        | Killed Asmodeus
 11155 | D        | Got an iron rune of Zot
 11159 | D        | Got a bone rune of Zot
 11166 | D        | Got a fiery rune of Zot
 11171 | D        | Got an obsidian rune of Zot
 11587 | D        | Got the Orb of Zot
 12228 | D        | Noticed Fintutu the pandemonium lord
 12234 | D        | Killed Fintutu the pandemonium lord
 12297 | D        | Reached XP level 23. HP: 240/240 MP: 46/46
 12397 | D        | Reached skill level 27 in Maces & Flails
 12565 | D        | Noticed Guomomna the pandemonium lord
 12582 | D        | Killed Guomomna the pandemonium lord
 12582 | D        | Received a gift from Okawaru
 13266 | D        | Noticed an ancient lich
 13276 | D        | Killed an ancient lich
 13276 | D        | Received a gift from Okawaru
 13280 | D        | Noticed Loiruo the pandemonium lord
 13301 | D        | Killed Loiruo the pandemonium lord
 13311 | D        | Reached skill level 27 in Evocations
 13435 | D        | Noticed Kiyk the pandemonium lord
 13457 | D        | Killed Kiyk the pandemonium lord
 13515 | D        | Noticed a seraph
 13543 | D        | Killed a seraph
 13718 | D        | Escaped with the Orb!

Illustrated notes

Levels and vault maps discovered:
D:        linesprint [early_d, line_temple, items_1, d_10, items_2, lair_1,
          lair_end, items_3, orc_1, orc_end, items_4, d_15, swamp_1, shoals_1,
          snake_1, spider_1, d_20, vaults_1, items_5, swamp_end, shoals_end,
          snake_end, spider_end, vaults_end, d_27, items_6, zot_1, zot_end,
          crypt_end, forest_end, elf_end, slime_end, tomb_end, abyss_end,
          pan_hell_end]

Skill      XL: |  1  2  3  4  5  6  7  8  9 10 11 12 13 14 15 16 17 18 19 20 21 22 23 |
---------------+----------------------------------------------------------------------+-----
Fighting       | 6 7 9 10 11 12 13 16 18 19 21 23 27 | 27.0
Armour         | 6 7 9 10 11 13 14 16 17 18 19 20 23 27 | 27.0
Shields        | 6 8 10 12 13 15 17 18 20 22 24 27 | 27.0
Long Blades    | 4 5 7 10 11 13 14 17 18 20 21 24 27 | 27.0
Dodging        | 1 2 3 5 6 7 8 9 11 16 22 27 | 27.0
Stealth        | 1 3 4 5 6 7 9 16 27 | 27.0
Evocations     | 1 2 8 17 21 25 27 | 27.0
Invocations    | 1 6 11 12 14 21 26 27 | 27.0
Throwing       | 5 6 12 16 19 20 24 27 | 27.0
Maces & Flails | 8 14 26 27 | 27.0
Unarmed Combat | 7 |  7.4
Spellcasting   | 5 14 17 20 23 | 23.0
Necromancy     | 3 14 18 21 24 | 24.3

Action                   |  1- 3 |  4- 6 |  7- 9 | 10-12 | 13-15 | 16-18 | 19-21 | 22-24 || total
-------------------------+-------+-------+-------+-------+-------+-------+-------+-------++-------
Melee: Long sword        |    12 |     9 |       |       |       |       |       |       ||    21
       Headbutt          |     2 |     8 |    22 |   139 |    98 |   131 |    59 |    81 ||   540
       Scimitar          |       |    24 |    85 |   276 |    38 |       |       |       ||   423
       Demon blade       |       |       |       |   129 |   229 |   409 |   160 |    18 ||   945
       Sacred scourge    |       |       |       |       |       |       |       |   260 ||   260
Throw: Dart              |       |       |       |    16 |     8 |       |     1 |       ||    25
       Javelin           |       |       |       |    10 |    84 |    48 |    92 |    42 ||   276
Invok: Heroism           |       |       |     1 |     1 |       |     1 |     1 |     2 ||     6
       Finesse           |       |       |       |       |       |     1 |     1 |     2 ||     4
Evoke: Wand              |       |       |     3 |     5 |       |       |       |       ||     8
  Use: Potion            |     1 |       |     2 |     5 |       |     1 |     1 |     5 ||    15
       Scroll            |       |       |       |       |       |     9 |    10 |     1 ||    20
 Stab: Invisible         |       |       |     4 |       |       |       |       |       ||     4
       Confused          |       |       |       |       |     2 |       |       |       ||     2
       Sleeping          |       |       |       |       |     1 |       |     6 |       ||     7
       Distracted        |       |       |       |       |       |     1 |     1 |     2 ||     4
Armor: Scale mail        |     5 |     1 |       |       |       |       |       |       ||     6
       Chain mail        |       |    10 |    62 |    65 |       |       |       |       ||   137
       Plate armour      |       |       |       |    36 |       |       |       |       ||    36
       Pearl dragon scal |       |       |       |    29 |    65 |    35 |     6 |    20 ||   155
       Storm dragon scal |       |       |       |       |       |    11 |     9 |       ||    20
Dodge: Dodged            |     2 |     5 |    46 |    83 |    70 |    64 |    43 |    35 ||   348
Block: Kite shield       |     7 |    14 |    87 |   180 |    73 |       |       |       ||   361
       Tower shield      |       |       |       |       |   145 |   251 |   131 |   145 ||   672
       Rpst.: Scimitar   |       |     2 |     5 |    12 |       |       |       |       ||    19
       Demon blade       |       |       |       |     7 |     8 |     9 |     2 |       ||    26

Table legend: (Time is in decaauts) A = Elapsed time spent in this place. B = Non-inter-level travel time spent in this place. C = Inter-level travel time spent in this place. D = Time resting spent in this place. E = Time spent auto-exploring this place. F = Levels seen in this place. G = Mean time per level. A B C D E F G +--------+--------+--------+--------+--------+-----+--------+ Total | 13010 | 11592 | 1418 | 4701 | 1626 | 1 | 13010.0 | Dungeon | 13010 | 11592 | 1418 | 4701 | 1626 | 1 | 13010.0 | +--------+--------+--------+--------+--------+-----+--------+

Top non-repeatable levels by time:
       D: 13010 daAuts
